 Dungeon Crawl Stone Soup version 0.29.0-7-g18a832c13a (webtiles) character file.

Game seed: 75867916693877105

124 robertstho the Magician (level 5, -11/37 HPs)
             Began as a Djinni Fire Elementalist on Aug 31, 2022.
             Mangled by an ice beast (21 damage)
             ... on level 3 of the Dungeon.
             The game lasted 00:03:36 (3358 turns).

robertstho the Magician (Djinni Fire Elementalist)  Turns: 3358, Time: 00:03:36

Health: -11/37     AC:  2    Str: 11    XL:     5   Next: 30%
Gold:   156        EV: 12    Int: 18    God:
                   SH:  0    Dex: 14

rFire   + + +      SeeInvis .   k - +12 dagger of Riwnohuo {freeze, *Noise rElec rF+ Str+4}
rCold   x . .      Faith    .   (no shield)
rNeg    . . .      Spirit   .   a - +0 robe
rPois   ∞          Reflect  .   (no helmet)
rElec   +          Harm     .   (no cloak)
rCorr   .          Rampage  .   (no gloves)
Will    .....                   (boots unavailable)
Stlth   ++........              (no amulet)
HPRegen 0.12/turn               (no ring)
MPRegen 0.00/turn               (no ring)

@: flying
A: sickness immunity, fire resistance 2, cold vulnerability 1, float, innate
caster, HP casting, extra vitality 1
a: no special abilities


You were on level 3 of the Dungeon.
You visited 1 branch of the dungeon, and saw 3 of its levels.

You collected 156 gold pieces.

Inventory:

Hand Weapons
 b - a +4 dagger
 k - the +12 dagger of Riwnohuo (weapon) {freeze, *Noise rElec rF+ Str+4}
   (You found it on level 3 of the Dungeon)

   It freezes those it strikes, dealing additional cold damage.
   It can also slow down cold-blooded creatures.
   Str:       It affects your strength (+4).
   rF:        It protects you from fire.
   rElec:     It insulates you from electricity.
   *Noise:    It may make noises in combat.
Armour
 a - a +0 robe (worn)
Scrolls
 d - a scroll of teleportation {unknown}
 h - a scroll of torment {unknown}
 i - 2 scrolls of magic mapping {unknown}
 j - a scroll of acquirement {unknown}
Potions
 c - a potion of brilliance {unknown}
 e - a potion of resistance {unknown}
 f - a potion of flight {unknown}
 g - a potion of might {unknown}


   Skills:
 * Level 1.5 Fighting
 + Level 2.2 Dodging
 + Level 1.8 Stealth
 * Level 4.0 Spellcasting


You couldn't memorise any spells.
You knew the following spells:

 Your Spells              Type           Power      Damage    Failure   Level
a - Foxfire               Conj/Fire      72%        2x1d7     2%          1
b - Scorch                Fire           36%        2d7       4%          2
c - Conjure Flame         Conj/Fire      18%        6-21      9%          3
d - Inner Flame           Hex/Fire       18%        N/A       9%          3
e - Flame Wave            Conj/Fire      18%        2d7       28%         4
f - Sting                 Tmut/Pois      72%        1d6       2%          1
g - Call Imp              Summ           18%        N/A       4%          2
Your spell library was empty.

Dungeon Overview and Level Annotations

Branches:
Dungeon (3/15)

Altars:

Annotations:
D:1 2 transporters


Innate Abilities, Weirdness & Mutations

You are immune to sickness and miasma.
You are immune to poison.
Your flesh is very heat resistant. (rF++)
You are vulnerable to cold. (rC-)
You float through the air rather than walking.
You learn spells naturally, not from books.
Your magical power is your life essence.
You have superior vitality. (+4 MHP)


Message History

You miss the frilled lizard. Your punch misses the frilled lizard.
The frilled lizard bites you.
You hit the frilled lizard. You freeze the frilled lizard.
Your dagger of Riwnohuo belts out, "Dying in battle is most honourable!"
You kill the frilled lizard!
No target in view!
No target in view!
No target in view!
There is a shaft here.
Key pressed, stopping explore.
You reach down and open the door.
Found a faded altar of an unknown god.
Found 6 stones.
There is an open door here.
You reach down and open the door.
An ice beast comes into view.
There is an open door here.
An ice beast is nearby!
An ice beast is nearby!
An ice beast is nearby!
An ice beast is nearby!
Found a sedimented grey potion and a short sword.
Found a ring mail.
You puncture the ice beast!
The ice beast is heavily wounded.
The ice beast hits you. The ice beast freezes you!!
You feel a terrible chill!
Ouch! That really hurt!
You are too injured to fight recklessly!
You are too injured to fight recklessly!
You are too injured to fight recklessly!
Casting: Foxfire (safe; 2% risk of failure)
Confirm with . or Enter, or press ? or * to list all spells.
Flames lash the ice beast.
The ice beast melts!
The ice beast is severely wounded.
The ice beast's fire resistance burns away.
The ice beast hits you.
* * * LOW HITPOINT WARNING * * *
The ice beast freezes you!!
You feel a terrible chill!
Ouch! That really hurt!
You die...

####################...
..........#.........#...
..........#....#....##.#
..).......#.#..#..#(##.#
..........#.#..#..#.##.#
..........'####_####'..#
..........#.#..#..#.####
..!.......#.#..#..#.#
.......@..#....#....#
......Y...#.........#
..........###########
[...........
.............
...............
...............
...............


You could see an ice beast (combustible).

Vanquished Creatures
  Jessica (D:2)
  Robin (D:2)
  2 adders
  A worm (D:2)
  A dart slug (D:2)
  5 orcs (D:2)
  4 endoplasms
  5 giant cockroaches
  12 goblins
  7 hobgoblins
  A kobold (D:1)
  A ball python (D:3)
  5 bats
  5 frilled lizards
  5 rats
56 creatures vanquished.

Vanquished Creatures (others)
  248 foxfires
248 creatures vanquished.

Grand Total: 304 creatures vanquished

Notes
Turn   | Place    | Note
-------+----------+-------------------------------------------
     0 | D:1      | robertstho the Djinni Fire Elementalist began the quest for
                  | the Orb.
     0 | D:1      | robertstho set off with the following spells memorised:
                  | Foxfire, Scorch, Conjure Flame, Inner Flame, Flame Wave.
     0 | D:1      | Reached XP level 1. HP: 15/15 MP: 0/0
   245 | D:1      | Reached XP level 2. HP: 17/21 MP: 0/0
   930 | D:1      | Reached skill level 3 in Spellcasting
  1231 | D:2      | Reached XP level 3. HP: 22/26 MP: 0/0
  1231 | D:2      | Learned a level 1 spell: Sting
  1483 | D:2      | Noticed Robin
  1489 | D:2      | Killed Robin
  1519 | D:2      | Reached XP level 4. HP: 19/31 MP: 0/0
  1649 | D:2      | Reached skill level 1 in Fighting
  1906 | D:2      | Noticed Jessica
  1909 | D:2      | Killed Jessica
  2118 | D:2      | Reached XP level 5. HP: 29/37 MP: 0/0
  2118 | D:2      | Learned a level 2 spell: Call Imp
  2999 | D:3      | Identified the +12 dagger of Riwnohuo {freeze, *Noise rElec
                  | rF+ Str+4}
  3187 | D:3      | Reached skill level 4 in Spellcasting
  3338 | D:3      | Found a faded altar of an unknown god.
  3353 | D:3      | Noticed an ice beast
  3358 | D:3      | Mangled by an ice beast

Illustrated notes

Levels and vault maps discovered:
D:1:      spicycebolla_arrival_transporter_tutorial, layout_rooms,
          hangedman_feature_mirror, chequers_serial_rivers_large_a
D:2:      layout_basic, uniq_robin, uniq_jessica
D:3:      layout_basic, shapermc_ecumenical_altar_notcrosses,
          dreamdust_princess_bridge

Skill      XL: |  1  2  3  4  5 |
---------------+----------------+-----
Spellcasting   | 3 4 |  4.0
Fighting       | 1 |  1.5
Dodging        | |  2.2
Stealth        | |  1.8

Action                   |  1- 3 |  4- 6 || total
-------------------------+-------+-------++-------
Melee: Dagger            |       |     8 ||     8
 Cast: Foxfire           |    72 |    72 ||   144
       Scorch            |       |     1 ||     1
Armor: Robe              |     3 |       ||     3
Dodge: Dodged            |     2 |     5 ||     7
